 Dungeon Crawl Stone Soup version 0.25-a0-277-g7046ed1b37 (webtiles) character file.

Game seed: 13144850204191393225, levelgen mode: deterministic

4757 Shargarth the Spear-Bearer (level 10, -4/91 HPs)
             Began as a Minotaur Berserker on Dec 9, 2019.
             Was an Elder of Trog.
             Slain by an unseen horror (6 damage)
             ... on level 8 of the Dungeon.
             The game lasted 01:07:13 (7693 turns).

Shargarth the Spear-Bearer (Minotaur Berserker)     Turns: 7693, Time: 01:07:14

Health: -4/91      AC: 13    Str: 25      XL:     10   Next: 23%
Magic:  9/9        EV: 12    Int:  8 (9)  God:    Trog [****..]
Gold:   326        SH:  0    Dex:  9 (10) Spells: 9/9 levels left

rFire    . . .     SeeInvis .   R - +7 halberd (freeze)
rCold    . . .     Gourm    .   (shield currently unavailable)
rNeg     . . .     Faith    .   p - +0 chain mail
rPois    .         Spirit   .   (helmet restricted)
rElec    .         Reflect  .   E - +0 cloak
rCorr    .         Harm     .   K - +0 pair of gloves (curse)
MR       .....                  (no boots)
Stlth    ..........             (no amulet)
HPRegen  0.25/turn              (no ring)
MPRegen  0.11/turn              (no ring)

@: brilliant
A: retaliatory headbutt, horns 2
a: Berserk, Trog's Hand, Brothers in Arms, Renounce Religion


You were on level 8 of the Dungeon.
You worshipped Trog.
Trog was greatly pleased with you.
You were not hungry.

You visited 2 branches of the dungeon, and saw 9 of its levels.

You collected 326 gold pieces.

Inventory:

Hand Weapons
 a - a +1 spear
 e - a +0 hunting sling
 f - a +0 club
 h - a +0 long sword
 j - a +1 whip of venom
 r - a +0 trident
 H - the +4 rapier of the Ass {venom, *Rage rF+ rN+ MR++}
   (You took it off an orc on level 4 of the Dungeon)

   It poisons the flesh of those it strikes.
   It protects you from fire.
   It protects you from negative energy.
   It affects your resistance to hostile enchantments.
   It may make you go berserk in combat.
 L - a +0 whip of flaming
 R - a +7 halberd of freezing (weapon)
 T - a +1 halberd of flaming
 W - a +3 dagger
Missiles
 v - 16 sling bullets
 x - 8 curare-tipped darts
 y - 13 boomerangs (quivered)
 A - 80 arrows
 G - 5 large rocks
 J - 19 bolts
Armour
 b - a +0 animal skin
 d - a +0 ring mail
 p - a +0 chain mail (worn)
 E - a +0 cloak (worn)
 K - a cursed +0 pair of gloves (worn)
 M - a +1 robe of positive energy
Jewellery
 w - an uncursed ring of flight {unknown}
Wands
 l - a wand of paralysis (11)
 D - a wand of random effects (14)
 O - a wand of flame (23)
Scrolls
 g - 3 scrolls of remove curse {unknown}
 m - 2 scrolls of enchant weapon
 n - a scroll of random uselessness {unknown}
 o - 4 scrolls of identify {unknown}
 q - a scroll of blinking {unknown}
 s - 2 scrolls of magic mapping {unknown}
 t - a scroll of fear {unknown}
 u - 2 scrolls of fog {unknown}
 C - 3 scrolls of teleportation {unknown}
 N - a scroll of holy word {unknown}
 Q - a scroll of immolation {unknown}
 U - a scroll of amnesia {unknown}
 V - a scroll of enchant armour {unknown}
Potions
 i - 2 potions of flight
 k - a potion of invisibility {unknown}
 z - a potion of degeneration
 B - a potion of experience {unknown}
 F - a potion of lignification
 I - a potion of ambrosia {unknown}
 P - a potion of haste {unknown}
Comestibles
 c - 3 rations


   Skills:
 + Level 9.3 Fighting
 - Level 3.6 Short Blades
 * Level 10.3 Polearms
 + Level 8.7 Armour
 + Level 8.0 Dodging


You had 9 spell levels left.
You didn't know any spells.
Your spell library contained the following spells:

 Spells                   Type           Power        Failure   Level  Hunger
 Chain Lightning          Conj/Air       #.........   100%        8    #######
 Lehudib's Crystal Spear  Conj/Erth      #.........   100%        8    #######
 Fire Storm               Conj/Fire      #.........   100%        9    #######
 Glaciate                 Conj/Ice       #.........   100%        9    #######


Dungeon Overview and Level Annotations

Branches:
Dungeon (8/15)             Temple (1/1) D:7
   Lair: D:8-11

Altars:
Ashenzari
Cheibriados
Dithmenos
Elyvilon
Fedhas
Gozag
Hepliaklqana
Kikubaaqudgha
Makhleb
Nemelex Xobeh
Okawaru
Qazlal
Ru
Sif Muna
Trog
Uskayaw
Vehumet
Wu Jian
Xom
Yredelemnul
Zin
The Shining One

Annotations:
D:6 2 transporters, MirrMurr's ghost, amateur DsBe


Innate Abilities, Weirdness & Mutations

You reflexively headbutt those who attack you in melee.
You have a pair of horns on your head.


Message History

Your two-headed ogre hits the bullfrog with a +0 giant club!!
The bullfrog dies!
Trog accepts your kill. Something hits you!
* * * LOW HITPOINT WARNING * * *
It was a potion of brilliance.
You feel clever all of a sudden. Something hits you.
* * * LOW HITPOINT WARNING * * *
Your two-headed ogre hits the leopard gecko with a cursed -1 giant club!!
The leopard gecko dies!
Trog accepts your kill.
Your two-headed ogre hits the wight with a cursed -1 giant club!
Your two-headed ogre hits the wight with a +0 giant club!!
The wight is destroyed!
Trog accepts your kill.
You puncture something! You freeze something. Your headbutt misses something.
Something hits you but does no damage. Something hits you.
You die...

.Z# ..z #### #
..###..## #.
#.#)...# #.
.###.†)..## #.#
......##.O.# ....
###.O###..##
#..##.#...##..##
...#..........##@.#
.........†.#..#...#
..........###....##
..........# ##..##
..........###..##
.......#....#...#
.......#.>###..##
.......#..# ##.#
..........# ###


You could see a friendly two-headed ogre (berserk).

Vanquished Creatures
  Pikel (D:5)
  Prince Ribbit (D:6)
  2 hippogriffs (D:7)
  Menkaure (D:6)
  Duvessa (D:7)
  2 slaves (D:5)
  3 orc warriors (D:6)
  2 phantoms
  3 ice beasts
  3 necrophages
  2 sky beasts
  A centaur (D:7)
  2 bullfrogs (D:8)
  Blork the orc (D:5)
  Dowan (D:7)
  3 scorpions
  8 wights
  2 howler monkeys
  A crimson imp (D:5)
  A gnoll shaman (D:7)
  5 hounds
  A jelly (D:6)
  5 orc priests
  A bullfrog skeleton (D:4)
  5 orc wizards
  Jessica (D:2)
  Ijyb (D:2)
  2 worker ants
  Natasha (thrice) (D:4)
  2 iguanas
  A killer bee zombie (D:6)
  2 hound zombies (D:7)
  A howler monkey zombie (D:7)
  A worker ant zombie (D:4)
  4 gnolls (D:7)
  8 adders
  A shadow imp (D:7)
  3 adder skeletons
  2 worms
  A dart slug (D:3)
  5 leopard geckos
  25 orcs
  5 giant cockroaches
  9 hobgoblins
  11 jackals
  9 kobolds
  4 quokkas
  3 ball pythons
  11 bats
  5 frilled lizards
  19 goblins
  A jackal skeleton (D:4)
  2 leopard gecko skeletons
  A leopard gecko zombie (D:5)
  9 rats
  2 plants (Temple)
212 creatures vanquished.

Vanquished Creatures (collateral kills)
  A two-headed ogre (D:8)
  A bullfrog (D:8)
  A wight (D:8)
  A leopard gecko (D:8)
4 creatures vanquished.

Grand Total: 216 creatures vanquished

Notes
Turn   | Place    | Note
-------+----------+-------------------------------------------
     0 | D:1      | Shargarth the Minotaur Berserker began the quest for the
                  | Orb.
     0 | D:1      | Reached XP level 1. HP: 19/19 MP: 0/0
   172 | D:1      | Reached XP level 2. HP: 26/27 MP: 1/1
   235 | D:1      | Reached skill level 4 in Polearms
   344 | D:1      | Reached ** piety under Trog
   407 | D:1      | Reached XP level 3. HP: 26/33 MP: 2/2
   775 | D:2      | Noticed Jessica
   782 | D:2      | Killed Jessica
   782 | D:2      | Reached XP level 4. HP: 41/41 MP: 3/3
  1009 | D:2      | Noticed Ijyb
  1017 | D:2      | Paralysed by Ijyb for 7 turns
  1036 | D:2      | Killed Ijyb
  1457 | D:2      | Found a shimmering blue altar of Sif Muna.
  1459 | D:2      | Found a snail-covered altar of Cheibriados.
  1459 | D:2      | Found a shimmering altar of Xom.
  1461 | D:2      | Found a sparkling altar of Nemelex Xobeh.
  1461 | D:2      | Found a shimmering altar of Xom.
  1461 | D:2      | Found a glowing silver altar of Zin.
  1582 | D:2      | Reached XP level 5. HP: 45/47 MP: 4/4
  2131 | D:3      | Reached *** piety under Trog
  2275 | D:3      | Reached skill level 5 in Fighting
  2577 | D:4      | Noticed Natasha
  2599 | D:4      | Killed Natasha
  2599 | D:4      | Reached skill level 5 in Polearms
  2707 | D:4      | Noticed Natasha
  2712 | D:4      | Killed Natasha
  2712 | D:4      | Reached XP level 6. HP: 39/56 MP: 5/5
  2840 | D:4      | Noticed Natasha
  2849 | D:4      | Killed Natasha
  2921 | D:4      | Noticed an ice beast
  2996 | D:4      | Killed an ice beast
  2996 | D:4      | Reached skill level 5 in Armour
  2996 | D:4      | Reached XP level 7. HP: 32/63 MP: 6/6
  3203 | D:4      | Identified the +4 rapier of the Ass {venom, *Rage rF+ rN+
                  | MR++}
  3473 | D:4      | Reached skill level 6 in Polearms
  3620 | D:5      | Entered Level 5 of the Dungeon
  3657 | D:5      | Reached skill level 1 in Short Blades
  3694 | D:5      | Noticed Pikel
  3721 | D:5      | Killed Pikel
  3721 | D:5      | Reached skill level 5 in Dodging
  3721 | D:5      | Reached XP level 8. HP: 71/71 MP: 7/7
  3852 | D:5      | Reached **** piety under Trog
  4061 | D:5      | Noticed Blork the orc
  4079 | D:5      | Killed Blork the orc
  4079 | D:5      | Reached skill level 7 in Polearms
  5045 | D:6      | Noticed Prince Ribbit
  5071 | D:6      | Killed Prince Ribbit
  5071 | D:6      | Reached XP level 9. HP: 81/81 MP: 8/8
  5231 | D:6      | Found a transporter.
  5231 | D:6      | Identified the +8 great mace "Kilaalud" {freeze, SInv}
  5231 | D:6      | Noticed a two-headed ogre
  5231 | D:6      | Noticed MirrMurr's ghost (amateur DsBe)
  5242 | D:6      | Found a transporter.
  5278 | D:6      | Noticed Menkaure
  5286 | D:6      | Killed Menkaure
  5286 | D:6      | Reached skill level 8 in Polearms
  5568 | D:6      | Found a radiant altar of Vehumet.
  6345 | D:7      | Noticed Dowan
  6348 | D:7      | Noticed Duvessa
  6359 | D:7      | Killed Duvessa
  6361 | D:7      | Killed Dowan
  6361 | D:7      | Reached skill level 9 in Polearms
  6482 | D:7      | Found a staircase to the Ecumenical Temple.
  6502 | Temple   | Entered the Ecumenical Temple
  6822 | D:7      | Reached ***** piety under Trog
  6822 | D:7      | Received a gift from Trog
  7528 | D:8      | Reached XP level 10. HP: 91/91 MP: 9/9
  7550 | D:8      | Reached skill level 10 in Polearms
  7679 | D:8      | Noticed a two-headed ogre
  7689 | D:8      | Killed a two-headed ogre
  7691 | D:8      | HP: 2/91 [something (5)]
  7693 | D:8      | Slain by an unseen horror

Levels and vault maps discovered:
D:1:      onia_arrival_pyramid, layout_rooms, minmay_misc_feat_chi
D:2:      kennysheep_the_goblin_king, layout_basic, doesnt_xom_only_xom,
          uniq_jessica
D:3:      layout_loops_ring, first_ration, uniq_sigmund
D:4:      layout_basic, uniq_natasha
D:5:      layout_rooms, uniq_blork_the_orc, uniq_pikel
D:6:      layout_loops_ring, old_standard_altar, gammafunk_ghost_smash,
          uniq_prince_ribbit1, uniq_menkaure
D:7:      layout_basic, minmay_temple_entry_offerings, uniq_duvessa
D:8:      layout_cave_pools, serial_shops, kennysheep_mini_moat, serial_undead,
          serial_undead_a, serial_undead_f, serial_undead_c, serial_undead_f
Temple:   kilobyte_greek_temple

Skill      XL: |  1  2  3  4  5  6  7  8  9 10 |
---------------+-------------------------------+-----
Polearms       | 4 5 6 7 9 10 | 10.3
Fighting       | 4 5 6 7 9 |  9.3
Armour         | 3 4 5 6 7 8 |  8.7
Dodging        | 3 4 5 6 7 8 |  8.0
Short Blades   | 2 3 |  3.6

Action                   |  1- 3 |  4- 6 |  7- 9 | 10-12 || total
-------------------------+-------+-------+-------+-------++-------
Melee: Spear             |    93 |   227 |     6 |       ||   326
       Headbutt          |    16 |    23 |    31 |     4 ||    74
       Rapier            |       |       |    82 |       ||    82
       Halberd           |       |       |   155 |    30 ||   185
Throw: Dart              |       |     3 |     1 |       ||     4
       Boomerang         |       |       |     4 |       ||     4
Invok: Trog's Hand       |     1 |     2 |       |       ||     3
       Berserk           |       |     4 |     6 |       ||    10
       Brothers in Arms  |       |       |       |     1 ||     1
  Use: Potion            |       |     2 |     4 |     2 ||     8
       Scroll            |       |     1 |     3 |       ||     4
 Stab: Sleeping          |     1 |       |       |       ||     1
  Eat: Ration            |       |     4 |     5 |     1 ||    10
Armor: Animal skin       |     3 |    17 |       |       ||    20
       Chain mail        |       |    20 |    91 |    39 ||   150
Dodge: Dodged            |    42 |    70 |    84 |    11 ||   207

Table legend:
 A = Non-vault XP
 B = Vault XP
 C = Vault XP percentage of total XP
 D = Non-vault monster count
 E = Vault monster count
 F = Vault count percentage of total count
                 A         B        C        D         E       F
            +---------+---------+-------+---------+---------+-------
      Total |    5279 |    1518 |  22.3 |     196 |      16 |   7.5
            +---------+---------+-------+---------+---------+-------
        D:1 |      53 |       0 |   0.0 |      33 |       0 |   0.0
        D:2 |      74 |      85 |  53.5 |      25 |       8 |  24.2
        D:3 |      55 |       0 |   0.0 |      26 |       0 |   0.0
        D:4 |     571 |      35 |   5.8 |      28 |       1 |   3.4
        D:5 |     391 |     732 |  65.2 |       8 |       2 |  20.0
        D:6 |     977 |     429 |  30.5 |      23 |       2 |   8.0
        D:7 |    1868 |     211 |  10.1 |      35 |       2 |   5.4
        D:8 |    1290 |      26 |   2.0 |      18 |       1 |   5.3
            +---------+---------+-------+---------+---------+-------
